 Dungeon Crawl Stone Soup version 0.20.0-8-g6b59dc7 (webtiles) character file.

3640 Kosschaser the Basher (level 10, -7/60 HPs)
             Began as a Gargoyle Skald on May 30, 2017.
             Was an Elder of Okawaru.
             Mangled by a two-headed ogre
             ... wielding a +0 giant club
              (22 damage)
             ... on level 8 of the Dungeon.
             The game lasted 00:21:31 (7082 turns).

Kosschaser the Basher (Gargoyle Skald)              Turns: 7082, Time: 00:21:31

Health: -7/60      AC: 19    Str: 20    XL:     10   Next: 12%
Magic:  0/13       EV: 10    Int: 13    God:    Okawaru [****..]
Gold:   289        SH:  0    Dex: 12    Spells: 10/13 levels left

rFire    . . .     SeeInvis .   l - +2 whip (vamp)
rCold    . . .     Gourm    .   (no shield)
rNeg     + + .     Faith    .   s - +0 chain mail
rPois    ∞         Spirit   +   (no helmet)
rElec    +         Reflect  .   v - scarf {Spirit}
rCorr    +         Harm     .   g - +0 pair of gloves
MR       .....                  (no boots)
Stlth    ..........             (no amulet)
Regen    0.2/turn               t - +4 ring of strength
MPRegen  0.2/turn               J - ring "Siung" {rCorr rN+}

@: no status effects
A: negative energy resistance 1, electricity resistance, unbreathing,
petrification resistance, rot immunity, AC +7
a: Heroism, Renounce Religion


You were on level 8 of the Dungeon.
You worshipped Okawaru.
Okawaru was greatly pleased with you.
You were very hungry.

You visited 1 branch of the dungeon, and saw 8 of its levels.

You collected 289 gold pieces.

Inventory:

Hand Weapons
 a - a +0 mace
 l - a +2 vampiric whip (weapon)
Armour
 g - a +0 pair of gloves (worn)
 s - a +0 chain mail (worn)
 v - a scarf of spirit shield (worn)
Jewellery
 t - a +4 ring of strength (left hand)
 J - the ring "Siung" (right hand) {rCorr rN+}
   (You acquired it on level 8 of the Dungeon)

   [ring of resist corrosion]

   It protects you from negative energy.
Wands
 u - a wand of confusion (29/48)
 y - a wand of iceblast (10/15)
 I - a wand of confusion (14/48)
Scrolls
 e - 4 scrolls of remove curse
 h - 2 scrolls of teleportation
 q - 2 scrolls of fear
 r - 6 scrolls of recharging
 w - a scroll of fog
 A - a scroll of enchant armour
 F - a scroll of magic mapping {unknown}
Potions
 b - 4 potions of heal wounds
 i - a potion of flight
 j - 4 potions of curing
 k - a potion of mutation {unknown}
 m - 4 potions of might {unknown}
 n - 2 potions of haste {unknown}
 o - 3 potions of brilliance {unknown}
 p - 2 potions of cancellation {unknown}
 x - a potion of ambrosia {unknown}
 B - 4 potions of invisibility {unknown}
 C - 2 potions of lignification {unknown}
 D - a potion of degeneration {unknown}
 G - a potion of berserk rage {unknown}
Books
 c - a book of Battle

   Spells                             Type                      Level
   a - Infusion                       Charms                       1
   b - Shroud of Golubria             Charms/Translocation         2
   c - Song of Slaying                Charms                       2
   d - Spectral Weapon                Hexes/Charms                 3
   e - Regeneration                   Charms/Necromancy            3
 E - a book of Conjurations

   Spells                             Type                      Level
   a - Magic Dart                     Conjuration                  1
   b - Searing Ray                    Conjuration                  2
   c - Dazzling Spray                 Conjuration/Hexes            3
   d - Fulminant Prism                Conjuration/Hexes            4
   e - Force Lance                    Conjuration/Translocation    4
   f - Iskenderun's Mystic Blast      Conjuration                  4
Comestibles
 d - 5 bread rations
 f - 3 fruits
 H - a meat ration


   Skills:
 + Level 6.0 Fighting
 + Level 9.3 Maces & Flails
 + Level 8.1 Armour
 * Level 4.9 Dodging
 + Level 2.3 Spellcasting
 + Level 3.1 Charms
 + Level 0.2 Invocations


You had 10 spell levels left.
You knew the following spells:

 Your Spells              Type           Power        Failure   Level  Hunger
a - Infusion              Chrm           #...         45%         1    #......
b - Song of Slaying       Chrm           #.......     61%         2    ###....


Dungeon Overview and Level Annotations

Branches:
Dungeon (8/15)             Temple (0/1) D:4
   Lair: D:8-11

Altars:
Okawaru
Sif Muna
Vehumet


Innate Abilities, Weirdness & Mutations

You are resistant to torment.
Your stone body is resilient. (AC +7)
You are immune to poison.
You resist negative energy. (rN+)
You are resistant to electric shocks. (rElec)
You can survive without breathing.
You are immune to petrification.
You are immune to rotting.


Message History

You hit the two-headed ogre.
The two-headed ogre is lightly wounded.
You hit the two-headed ogre.
The two-headed ogre is lightly wounded.
The two-headed ogre hits you but does no damage.
The two-headed ogre hits you with a giant club!
You hit the two-headed ogre.
The two-headed ogre is lightly wounded.
Your chain mail prevents you from hitting the two-headed ogre.
The two-headed ogre is lightly wounded.
The two-headed ogre hits you with a giant club! x2
You whack the two-headed ogre!
The two-headed ogre is moderately wounded.
You barely miss the two-headed ogre.
The two-headed ogre is moderately wounded.
The two-headed ogre barely misses you.
The two-headed ogre hits you with a giant club!
* * * LOW HITPOINT WARNING * * *
The two-headed ogre hits you with a giant club!!
You die...

.# .## #......# #.# ####
.# ..# #......####.# ##
.# ###.####........##.#
#. .# ...............##.#
#.
.#######.#######.....##.#
#.
.#........O...#......'..#
#.
.#.###...####.#......####
#. ..............#......#
#. .#.####...###...@<...#
#. .#.# #...###(#..O...#
#. .#.# #...)...#......#
## .#.# #...†####......#
.#.# #....# #.###### .#.#
#....# #.# .#.# ##..####
#.# .#)# #......# #.# #.#
#...##.# #.#


You could see a two-headed ogre.

Vanquished Creatures
  A two-headed ogre (D:8)
  Sigmund (D:2)
  Eustachio (D:5)
  Menkaure (D:6)
  The ghost of Kosschaser the Cudgeler, an amateur GrSk (D:4)
  4 ice beasts
  A sky beast (D:7)
  A black bear (D:7)
  A phantom (D:5)
  3 ogres
  A centaur (D:8)
  4 bullfrogs
  A gnoll sergeant (D:6)
  A scorpion (D:5)
  5 killer bees (D:7)
  3 howler monkeys
  A crimson imp (D:4)
  2 jellies
  2 hounds
  A centaur skeleton (D:4)
  An orc priest (D:7)
  An iguana (D:7)
  Terence (D:2)
  3 orc wizards
  Natasha (D:2)
  4 worker ants
  2 hound zombies
  A hound skeleton (D:5)
  12 gnolls
  8 adders
  An ooze (D:2)
  An adder zombie (D:5)
  3 worms
  2 dart slugs (D:1)
  5 leopard geckos
  18 orcs
  3 ball pythons
  7 bats
  3 giant cockroaches
  7 goblins
  5 hobgoblins
  8 jackals
  A quokka (D:8)
  7 frilled lizards
  A jackal skeleton (D:7)
  7 kobolds
  A leopard gecko skeleton (D:5)
  A quokka skeleton (D:5)
  A quokka zombie (D:5)
  7 rats
159 creatures vanquished.

Notes
Turn   | Place    | Note
-------+----------+-------------------------------------------
     0 | D:1      | Kosschaser the Gargoyle Skald began the quest for the Orb.
     0 | D:1      | Reached XP level 1. HP: 12/12 MP: 3/3
   122 | D:1      | Reached XP level 2. HP: 12/17 MP: 5/5
   751 | D:1      | Reached XP level 3. HP: 21/21 MP: 6/6
  1159 | D:2      | Noticed Sigmund
  1189 | D:3      | Reached XP level 4. HP: 27/27 MP: 7/7
  1952 | D:2      | Reached skill level 3 in Maces & Flails
  2238 | D:2      | Noticed Natasha
  2441 | D:2      | Learned a level 2 spell: Song of Slaying
  2449 | D:2      | Noticed Terence
  2465 | D:2      | Killed Sigmund
  2465 | D:2      | Reached XP level 5. HP: 32/32 MP: 1/8
  2465 | D:2      | Reached XP level 6. HP: 37/37 MP: 1/9
  2487 | D:2      | Killed Terence
  2790 | D:2      | Killed Natasha
  2790 | D:2      | Reached skill level 4 in Maces & Flails
  3028 | D:4      | Found a faded altar of an unknown god.
  3028 | D:4      | Found a radiant altar of Vehumet.
  3052 | D:4      | Found a deep blue altar of Sif Muna.
  3054 | D:4      | Found an iron altar of Okawaru.
  3056 | D:4      | Found a faded altar of an unknown god.
  3060 | D:4      | Became a worshipper of Warmaster Okawaru
  3096 | D:4      | Found a staircase to the Ecumenical Temple.
  3440 | D:4      | Noticed Kosschaser's ghost (amateur GrSk)
  3470 | D:4      | Killed Kosschaser's ghost
  3470 | D:4      | Reached XP level 7. HP: 18/41 MP: 3/10
  3667 | D:4      | Reached skill level 5 in Maces & Flails
  3736 | D:5      | Entered Level 5 of the Dungeon
  3784 | D:5      | Reached * piety under Okawaru
  3915 | D:5      | Noticed Eustachio
  3939 | D:5      | Killed Eustachio
  3995 | D:5      | Reached XP level 8. HP: 36/48 MP: 8/11
  4072 | D:5      | Reached skill level 6 in Maces & Flails
  4072 | D:5      | Reached skill level 5 in Armour
  4536 | D:6      | Reached ** piety under Okawaru
  4721 | D:6      | Noticed Menkaure
  4744 | D:6      | Killed Menkaure
  4871 | D:6      | Reached skill level 7 in Maces & Flails
  5246 | D:7      | Reached XP level 9. HP: 35/53 MP: 5/12
  5274 | D:7      | Reached skill level 5 in Fighting
  5307 | D:7      | Reached skill level 8 in Maces & Flails
  5663 | D:7      | Reached *** piety under Okawaru
  6333 | D:8      | Noticed a two-headed ogre
  6360 | D:8      | Killed a two-headed ogre
  6360 | D:8      | Reached **** piety under Okawaru
  6360 | D:8      | Reached skill level 9 in Maces & Flails
  6360 | D:8      | Reached XP level 10. HP: 53/60 MP: 7/13
  6595 | D:8      | Identified a scroll of acquirement
  6598 | D:8      | Got a shimmering jade ring
  6599 | D:8      | Identified the ring "Siung" {rCorr rN+} (You acquired it on level 8 of the Dungeon)
  6715 | D:8      | Noticed a two-headed ogre
  7082 | D:8      | Mangled by a two-headed ogre

Skill      XL: |  1  2  3  4  5  6  7  8  9 10 |
---------------+-------------------------------+-----
Charms         | 3 |  3.1
Maces & Flails | 3 4 5 7 9 |  9.3
Armour         | 2 3 4 6 7 8 |  8.1
Fighting       | 3 4 6 |  6.0
Dodging        | 2 3 4 |  4.9
Spellcasting   | |  2.3
Invocations    | |  0.2

Action                   |  1- 3 |  4- 6 |  7- 9 | 10-12 || total
-------------------------+-------+-------+-------+-------++-------
Melee: Mace              |    61 |       |       |       ||    61
       Whip              |    50 |   362 |   740 |    77 ||  1229
       Punch             |       |       |     3 |       ||     3
 Cast: Infusion          |       |     1 |       |       ||     1
       Song of Slaying   |       |       |     1 |       ||     1
Invok: Heroism           |       |       |     5 |       ||     5
  Use: Scroll            |       |     7 |     7 |     5 ||    19
 Stab: Sleeping          |       |     1 |       |       ||     1
  Eat: Bread ration      |     1 |       |       |       ||     1
       Fruit             |     1 |       |       |       ||     1
       Chunk             |       |     7 |    12 |     1 ||    20
Armor: Leather armour    |    43 |    26 |       |       ||    69
       Chain mail        |       |   174 |   380 |    40 ||   594
Dodge: Dodged            |    77 |   144 |   282 |    41 ||   544
